| TOP OF THE 1ST |
|
Niagara Falls Phantoms batting - Pitching for New Jersey Devils : RHP Justin Williams
|
|
Pitching: RHP Justin Williams
|
|
|
Batting: LHB Carlos Palau
|
0-0: Swinging Strike 0-1: Ball 1-1: Ball 2-1: Fly out, F5 (Popup, 56S, EV 83.8 MPH)
|
|
Batting: LHB Danny de Leon
|
0-0: Called Strike 0-1: Called Strike 0-2: Foul Ball, location: 2F 0-2: Ground out 6-3 (Groundball, 6M, EV 110.6 MPH)
|
|
Batting: RHB Jesus Ruiz
|
0-0: Ball 1-0: Ball 2-0: Ball 3-0: Called Strike 3-1: Fly out, F8 (Flyball, 89M, EV 96.9 MPH)
|
| Top of the 1st over - 0 runs, 0 hits, 0 errors, 0 left on base; Niagara Falls 0 - New Jersey 0 |
| BOTTOM OF THE 1ST |
|
New Jersey Devils batting - Pitching for Niagara Falls Phantoms : RHP Yoshida Abe
|
|
Pitching: RHP Yoshida Abe
|
|
|
Batting: RHB Sam Callahan
|
0-0: Called Strike 0-1: Ball 1-1: Called Strike 1-2: Strikes out looking
|
|
Batting: RHB Eric Zylstra
|
0-0: Foul Ball, location: 2F 0-1: Swinging Strike 0-2: Strikes out swinging
|
|
Batting: RHB Nate Henderson
|
0-0: Foul Ball, location: 2F 0-1: Ball 1-1: Called Strike 1-2: Strikes out swinging
|
| Bottom of the 1st over - 0 runs, 0 hits, 0 errors, 0 left on base; Niagara Falls 0 - New Jersey 0 |
| TOP OF THE 2ND |
|
Niagara Falls Phantoms batting - Pitching for New Jersey Devils : RHP Justin Williams
|
|
Batting: RHB Danny Ayala
|
0-0: Fly out, F8 (Flyball, 8RD, EV 100.6 MPH)
|
|
Batting: LHB Justin Short
|
0-0: Ball 1-0: Foul Ball, location: 2F 1-1: Foul Ball, location: 2F 1-2: Foul Ball, location: 2F 1-2: Foul Ball, location: 2F 1-2: Ball 2-2: Ball 3-2: Fly out, F7 (Line Drive, 78S, EV 90.0 MPH)
|
|
Batting: RHB Ken Stair
|
0-0: Swinging Strike 0-1: Fly out, F6 (Popup, 6M, EV 53.1 MPH)
|
| Top of the 2nd over - 0 runs, 0 hits, 0 errors, 0 left on base; Niagara Falls 0 - New Jersey 0 |
| BOTTOM OF THE 2ND |
|
New Jersey Devils batting - Pitching for Niagara Falls Phantoms : RHP Yoshida Abe
|
|
Batting: RHB Bill Crogan
|
0-0: Ball 1-0: Called Strike 1-1: Ball 2-1: Ball 3-1: Ground out 5-3 (Groundball, 56, EV 100.0 MPH)
|
|
Batting: RHB Mark Paddock
|
0-0: Called Strike 0-1: SINGLE (Line Drive, 9LS, EV 104.4 MPH)
|
|
Batting: RHB Juan Medina
|
0-0: Ball 1-0: Ball 2-0: Foul Ball, location: 2F 2-1: Called Strike 2-2: Strikes out swinging
|
|
Batting: LHB Brad Guffin
|
0-0: Ball 1-0: Called Strike 1-1: Ball 2-1: Ball 3-1: SINGLE (Flyball, 8LS, EV 86.9 MPH) Mark Paddock to second
|
|
Batting: RHB Dan Mathews
|
0-0: Ball 1-0: Ball 2-0: Called Strike 2-1: Fly out, F7 (Flyball, 7LM, EV 84.4 MPH)
|
| Bottom of the 2nd over - 0 runs, 2 hits, 0 errors, 2 left on base; Niagara Falls 0 - New Jersey 0 |
| TOP OF THE 3RD |
|
Niagara Falls Phantoms batting - Pitching for New Jersey Devils : RHP Justin Williams
|
|
Batting: RHB Tchaa Kombate
|
0-0: Foul Ball, location: 2F 0-1: Foul Ball, location: 2F 0-2: Ball 1-2: Ball 2-2: Ball 3-2: Strikes out looking
|
|
Batting: LHB Dave Ortiz
|
0-0: Fly out, F6 (Popup, 6, EV 55.6 MPH)
|
|
Batting: RHB Arturo Gomez
|
0-0: Fly out, F7 (Flyball, 7, EV 88.1 MPH)
|
| Top of the 3rd over - 0 runs, 0 hits, 0 errors, 0 left on base; Niagara Falls 0 - New Jersey 0 |
| BOTTOM OF THE 3RD |
|
New Jersey Devils batting - Pitching for Niagara Falls Phantoms : RHP Yoshida Abe
|
|
Batting: RHB Emanuel Anochondo
|
0-0: Ball 1-0: Foul Ball, location: 2F 1-1: Ball 2-1: Foul Ball, location: 2F 2-2: Ball 3-2: Strikes out swinging
|
|
Batting: RHB Sam Callahan
|
0-0: Ball 1-0: Called Strike 1-1: Fly out, F8 (Flyball, 8RM, EV 82.5 MPH)
|
|
Batting: RHB Eric Zylstra
|
0-0: Ball 1-0: Called Strike 1-1: Foul Ball, location: 2F 1-2: Ball 2-2: Strikes out swinging
|
| Bottom of the 3rd over - 0 runs, 0 hits, 0 errors, 0 left on base; Niagara Falls 0 - New Jersey 0 |
| TOP OF THE 4TH |
|
Niagara Falls Phantoms batting - Pitching for New Jersey Devils : RHP Justin Williams
|
|
Batting: LHB Carlos Palau
|
0-0: SINGLE (Groundball, 34D, EV 103.8 MPH) (infield hit)
|
|
Batting: LHB Danny de Leon
|
0-0: Ball 1-0: Foul Ball, location: 2F 1-1: Ball 2-1: Ball 3-1: Base on Balls Carlos Palau to second
|
|
Batting: RHB Jesus Ruiz
|
0-0: Ball 1-0: Fly out, F7 (Flyball, 7, EV 75.0 MPH)
|
|
Batting: RHB Danny Ayala
|
0-0: Called Strike 0-1: Ball Wild Pitch! Carlos Palau to third Danny de Leon to second 1-1: Foul Ball, location: 2F 1-2: Foul Ball, location: 2F 1-2: Ball Wild Pitch! Carlos Palau scores Danny de Leon to third 2-2: Strikes out looking
|
|
Batting: LHB Justin Short
|
0-0: Foul Ball, location: 2F 0-1: Ball 1-1: Ball Passed Ball! Danny de Leon scores 2-1: SINGLE (Groundball, 56D, EV 105.0 MPH)
|
|
Batting: RHB Ken Stair
|
0-0: Ball 1-0: Ground out 6-3 (Groundball, 6S, EV 91.2 MPH)
|
| Top of the 4th over - 2 runs, 2 hits, 0 errors, 1 left on base; Niagara Falls 2 - New Jersey 0 |
| BOTTOM OF THE 4TH |
|
New Jersey Devils batting - Pitching for Niagara Falls Phantoms : RHP Yoshida Abe
|
|
Batting: RHB Nate Henderson
|
0-0: Ball 1-0: Swinging Strike 1-1: Foul Ball, location: 2F 1-2: Ball 2-2: Strikes out looking
|
|
Batting: RHB Bill Crogan
|
0-0: Ball 1-0: Fly out, F8 (Flyball, 89M, EV 83.1 MPH)
|
|
Batting: RHB Mark Paddock
|
0-0: Ball 1-0: Foul Ball, location: 2F 1-1: Ball 2-1: Reached on error, E4 (Groundball, 4S, EV 83.8 MPH)
|
|
Batting: RHB Juan Medina
|
0-0: Ball 1-0: Called Strike 1-1: Foul Ball, location: 2F 1-2: Foul Ball, location: 2F 1-2: Ball 2-2: Strikes out swinging
|
| Bottom of the 4th over - 0 runs, 0 hits, 1 error, 1 left on base; Niagara Falls 2 - New Jersey 0 |
| TOP OF THE 5TH |
|
Niagara Falls Phantoms batting - Pitching for New Jersey Devils : RHP Justin Williams
|
|
Batting: RHB Tchaa Kombate
|
0-0: Swinging Strike 0-1: Fly out, F2 (Popup, 3SF, EV 81.9 MPH)
|
|
Batting: LHB Dave Ortiz
|
0-0: Ball 1-0: Ball 2-0: Called Strike 2-1: Reached on error, E4 (Groundball, 4, EV 83.8 MPH)
|
|
Batting: RHB Arturo Gomez
|
0-0: Ball 1-0: Ball 2-0: Called Strike 2-1: Ball Passed Ball! Dave Ortiz to third 3-1: Foul Ball, location: 2F 3-2: Foul Ball, location: 2F 3-2: Base on Balls
|
|
Batting: LHB Carlos Palau
|
0-0: Called Strike 0-1: Ball 1-1: Foul Ball, location: 2F 1-2: Ball 2-2: Strikes out looking
|
|
Batting: LHB Danny de Leon
|
0-0: Fly out, F9 (Flyball, 9S, EV 85.0 MPH)
|
| Top of the 5th over - 0 runs, 0 hits, 1 error, 2 left on base; Niagara Falls 2 - New Jersey 0 |
| BOTTOM OF THE 5TH |
|
New Jersey Devils batting - Pitching for Niagara Falls Phantoms : RHP Yoshida Abe
|
|
Batting: LHB Brad Guffin
|
0-0: Ball 1-0: Ball 2-0: Ball 3-0: Called Strike 3-1: Base on Balls
|
|
Batting: RHB Dan Mathews
|
0-0: Ball 1-0: Ball 2-0: Ball 3-0: Called Strike 3-1: Foul Ball, location: 2F 3-2: Strikes out swinging
|
|
Batting: RHB Emanuel Anochondo
|
0-0: Bunted foul 0-1: Ball 1-1: Sac Bunt to 13 - play at first, batter OUT! 1-4 Brad Guffin to second
|
|
Batting: RHB Sam Callahan
|
0-0: Hit by Pitch
|
|
Batting: RHB Eric Zylstra
|
0-0: Called Strike 0-1: Swinging Strike 0-2: Ball 1-2: Ball 2-2: Strikes out swinging
|
| Bottom of the 5th over - 0 runs, 0 hits, 0 errors, 2 left on base; Niagara Falls 2 - New Jersey 0 |
| TOP OF THE 6TH |
|
Niagara Falls Phantoms batting - Pitching for New Jersey Devils : RHP Justin Williams
|
|
Batting: RHB Jesus Ruiz
|
0-0: Ball 1-0: Called Strike 1-1: Called Strike 1-2: Strikes out swinging
|
|
Batting: RHB Danny Ayala
|
0-0: Swinging Strike 0-1: Ball 1-1: Foul Ball, location: 2F 1-2: Foul Ball, location: 2F 1-2: Ball 2-2: Ball 3-2: Strikes out swinging
|
|
Batting: LHB Justin Short
|
0-0: Called Strike 0-1: Ball 1-1: Ball 2-1: Ball 3-1: Called Strike 3-2: Ground out U3 (Groundball, 3, EV 101.9 MPH)
|
| Top of the 6th over - 0 runs, 0 hits, 0 errors, 0 left on base; Niagara Falls 2 - New Jersey 0 |
| BOTTOM OF THE 6TH |
|
New Jersey Devils batting - Pitching for Niagara Falls Phantoms : RHP Yoshida Abe
|
|
Batting: RHB Nate Henderson
|
0-0: Ball 1-0: Swinging Strike 1-1: Ball 2-1: Ball 3-1: Foul Ball, location: 2F 3-2: Ground out 4-3 (Groundball, 4, EV 88.1 MPH)
|
|
Batting: RHB Bill Crogan
|
0-0: Ball 1-0: Ball 2-0: Called Strike 2-1: Ball 3-1: Base on Balls
|
|
Batting: RHB Mark Paddock
|
0-0: Ball 1-0: Foul Ball, location: 2F 1-1: Swinging Strike 1-2: SINGLE (Line Drive, 7S, EV 99.4 MPH) Bill Crogan to second
|
|
Batting: RHB Juan Medina
|
0-0: Ball 1-0: Grounds into double play, 1-6-3 (Groundball, 13, EV 75.0 MPH)
|
| Bottom of the 6th over - 0 runs, 1 hit, 0 errors, 1 left on base; Niagara Falls 2 - New Jersey 0 |
| TOP OF THE 7TH |
|
Niagara Falls Phantoms batting - Pitching for New Jersey Devils : RHP Justin Williams
|
|
Batting: RHB Ken Stair
|
0-0: Fly out, F8 (Flyball, 89D, EV 109.4 MPH)
|
|
Batting: RHB Tchaa Kombate
|
0-0: Called Strike 0-1: Swinging Strike 0-2: Strikes out swinging
|
|
Batting: LHB Dave Ortiz
|
0-0: Ball 1-0: Foul Ball, location: 2F 1-1: Ball 2-1: Ball 3-1: Base on Balls
|
|
Batting: RHB Arturo Gomez
|
0-0: Ball 1-0: Fielders Choice at 2nd, 5-4 (Groundball, 5L, EV 106.2 MPH)
|
| Top of the 7th over - 0 runs, 0 hits, 0 errors, 1 left on base; Niagara Falls 2 - New Jersey 0 |
| BOTTOM OF THE 7TH |
|
New Jersey Devils batting - Pitching for Niagara Falls Phantoms : RHP Yoshida Abe
|
|
Batting: LHB Brad Guffin
|
0-0: Ball 1-0: Ball 2-0: Ball 3-0: Called Strike 3-1: Foul Ball, location: 2F 3-2: Foul Ball, location: 2F 3-2: Foul Ball, location: 2F 3-2: Strikes out swinging
|
|
Pitching: RHP Francisco Rosado
|
|
|
Batting: RHB Dan Mathews
|
0-0: Swinging Strike 0-1: Ball 1-1: Called Strike 1-2: Strikes out swinging
|
|
Batting: RHB Emanuel Anochondo
|
0-0: Ball 1-0: Ball 2-0: Ground out 5-3 (Groundball, 56, EV 106.2 MPH)
|
| Bottom of the 7th over - 0 runs, 0 hits, 0 errors, 0 left on base; Niagara Falls 2 - New Jersey 0 |
| TOP OF THE 8TH |
|
Niagara Falls Phantoms batting - Pitching for New Jersey Devils : RHP Justin Williams
|
|
Batting: LHB Carlos Palau
|
0-0: Ball 1-0: Ball 2-0: Swinging Strike 2-1: Foul Ball, location: 2F 2-2: SINGLE (Line Drive, 34, EV 94.4 MPH)
|
|
Batting: LHB Danny de Leon
|
0-0: Ball 1-0: Ball 2-0: Called Strike 2-1: Called Strike 2-2: Fly out, F8 (Flyball, 8RM, EV 92.5 MPH)
|
|
Pitching: LHP Joe Edwards
|
|
|
Batting: RHB Jesus Ruiz
|
Pickoff Throw to First - Out! 1-3 CS 0-0: Ball 1-0: Swinging Strike 1-1: Ball 2-1: Swinging Strike 2-2: Foul Ball, location: 2F 2-2: SOLO HOME RUN (Flyball, 7D, EV 99.4 MPH), Distance : 364 ft
|
|
Batting: RHB Danny Ayala
|
0-0: Called Strike 0-1: Ball 1-1: Ball 2-1: Swinging Strike 2-2: Ball 3-2: Strikes out swinging
|
| Top of the 8th over - 1 run, 2 hits, 0 errors, 0 left on base; Niagara Falls 3 - New Jersey 0 |
| BOTTOM OF THE 8TH |
|
New Jersey Devils batting - Pitching for Niagara Falls Phantoms : RHP Francisco Rosado
|
|
Batting: RHB Sam Callahan
|
0-0: Called Strike 0-1: Called Strike 0-2: Strikes out swinging
|
|
Batting: RHB Eric Zylstra
|
0-0: Ball 1-0: Ball 2-0: Ball 3-0: Base on Balls
|
|
Batting: RHB Nate Henderson
|
0-0: Called Strike 0-1: Ball 1-1: Foul Ball, location: 2F 1-2: Strikes out swinging
|
|
Batting: RHB Bill Crogan
|
0-0: Foul Ball, location: 2F 0-1: Ball 1-1: Foul Ball, location: 2F 1-2: Foul Ball, location: 2F 1-2: Foul Ball, location: 2F 1-2: Foul Ball, location: 2F 1-2: Ball 2-2: Ball 3-2: SINGLE (Groundball, 34S, EV 92.5 MPH) (infield hit) Eric Zylstra to second
|
|
Pitching: RHP Alex Roman
|
|
|
Batting: RHB Mark Paddock
|
0-0: Called Strike 0-1: Foul Ball, location: 2F 0-2: Ground out 3-1 (Groundball, 34, EV 108.8 MPH)
|
| Bottom of the 8th over - 0 runs, 1 hit, 0 errors, 2 left on base; Niagara Falls 3 - New Jersey 0 |
| TOP OF THE 9TH |
|
Niagara Falls Phantoms batting - Pitching for New Jersey Devils : LHP Joe Edwards
|
|
Pitching: LHP Antonio Davila
|
|
|
Batting: LHB Justin Short
|
0-0: Ball 1-0: Ball 2-0: Ball 3-0: Base on Balls
|
|
Batting: RHB Ken Stair
|
0-0: Ball 1-0: Ball Wild Pitch! Justin Short to second 2-0: Intentional Walk
|
|
Batting: RHB Tchaa Kombate
|
0-0: SINGLE (Groundball, 6MD, EV 95.6 MPH) Justin Short to third Ken Stair to second
|
|
Batting: LHB Dave Ortiz
|
0-0: Called Strike 0-1: Fly out, F9 (Flyball, 9LM, EV 90.0 MPH) Runner from 3rd tags up, SCORES, throw by RF
|
|
Batting: RHB Arturo Gomez
|
0-0: Ball 1-0: Ball 2-0: Foul Ball, location: 2F 2-1: SINGLE (Groundball, 56D, EV 100.6 MPH) Ken Stair to third Tchaa Kombate to second
|
|
Batting: LHB Carlos Palau
|
0-0: Ball 1-0: Swinging Strike 1-1: Foul Ball, location: 2F 1-2: Foul Ball, location: 2F 1-2: Ball 2-2: Strikes out swinging
|
|
Pitching: LHP Jesus Espitia
|
|
|
Batting: LHB Danny de Leon
|
0-0: Called Strike 0-1: Foul Ball, location: 2F 0-2: Ball 1-2: Ball 2-2: Foul Ball, location: 2F 2-2: Foul Ball, location: 2F 2-2: SINGLE (Line Drive, 7S, EV 95.0 MPH) Ken Stair scores Tchaa Kombate to third Arturo Gomez to second Runner from 3rd tries for Home, SAFE, throw by LF to home
|
|
Batting: RHB Jesus Ruiz
|
0-0: Called Strike 0-1: Ball Passed Ball! Arturo Gomez to third Danny de Leon to second 1-1: Foul Ball, location: 2F 1-2: Ball 2-2: SINGLE (Line Drive, 8RS, EV 87.5 MPH) Arturo Gomez scores Danny de Leon to third Runner from 3rd tries for Home, SAFE, throw by CF to home
|
|
Batting: RHB Danny Ayala
|
0-0: Ball 1-0: Ball 2-0: Ball 3-0: Called Strike 3-1: Base on Balls Jesus Ruiz to second
|
|
Batting: LHB Justin Short
|
0-0: Ball 1-0: Foul Ball, location: 2F 1-1: Swinging Strike 1-2: Ball 2-2: Strikes out swinging
|
| Top of the 9th over - 5 runs, 4 hits, 0 errors, 2 left on base; Niagara Falls 8 - New Jersey 0 |
| BOTTOM OF THE 9TH |
|
New Jersey Devils batting - Pitching for Niagara Falls Phantoms : RHP Alex Roman
|
|
Batting: RHB Juan Medina
|
0-0: Foul Ball, location: 2F 0-1: Ground out 6-3 (Groundball, 6S, EV 83.1 MPH)
|
|
Batting: LHB Brad Guffin
|
0-0: Ball 1-0: Fly out, F8 (Flyball, 8RM, EV 77.5 MPH)
|
|
Batting: RHB Dan Mathews
|
0-0: Ball 1-0: Ball 2-0: Ball 3-0: Base on Balls
|
|
Batting: RHB Emanuel Anochondo
|
0-0: Reached on error, E6 (Groundball, 6, EV 102.5 MPH) Dan Mathews to second
|
|
Batting: RHB Sam Callahan
|
0-0: Ball 1-0: Called Strike 1-1: Foul Ball, location: 2F 1-2: Strikes out swinging
|
| Bottom of the 9th over - 0 runs, 0 hits, 1 error, 2 left on base; Niagara Falls 8 - New Jersey 0 |
|